 Dungeon Crawl Stone Soup version 0.19-a0-1896-g611e798 (webtiles) character file.

210 Leibowitz the Poker (level 5, -3/42 HPs)
             Began as a Merfolk Berserker on Oct 19, 2016.
             Was a Believer of Trog.
             Slain by Grinder (5 damage)
             ... on level 3 of the Dungeon.
             The game lasted 00:06:55 (2959 turns).

Leibowitz the Poker (Merfolk Berserker)             Turns: 2959, Time: 00:06:56

Health: -3/42      AC:  6    Str: 17    XL:     5   Next: 88%
Magic:  5/5        EV: 13    Int:  7    God:    Trog [**....]
Gold:   98         SH:  0    Dex: 14    Spells: 0 memorised, 4 levels left

rFire  . . .     SeeInvis .     a - +0 spear
rCold  . . .     Gourm    .     w - +0 ring mail
rNeg   . . .     Faith    .     (no shield)
rPois  .         Spirit   .     (no helmet)
rElec  .         Reflect  .     (no cloak)
rCorr  .         Harm     .     (no gloves)
MR     ++...                    i - +0 pair of boots
Stlth  +.........               u - amulet of rage
                                (no ring)
                                (no ring)

@: exhausted, regenerating, slowed, very slow
A: change form in water, swift swim, stealthy swim
a: Berserk, Trog's Hand, Burn Spellbooks, Renounce Religion, Evoke Berserk Rage


You were on level 3 of the Dungeon.
You worshipped Trog.
Trog was pleased with you.
You were near starving.

You visited 1 branch of the dungeon, and saw 3 of its levels.

You collected 98 gold pieces.

Inventory:

Hand Weapons
 a - a +0 spear (weapon)
Missiles
 m - 16 poisoned needles
Armour
 i - a +0 pair of boots (worn)
 w - a +0 ring mail (worn)
Jewellery
 j - an uncursed ring of ice
 u - an amulet of rage (around neck)
Scrolls
 b - 2 scrolls of magic mapping {unknown}
 g - a scroll of recharging {unknown}
 h - 2 scrolls of blinking {unknown}
 k - 4 scrolls of remove curse {unknown}
 n - a scroll of fog {unknown}
 o - a scroll of immolation {unknown}
 p - 3 scrolls of teleportation {unknown}
 q - a scroll of enchant armour {unknown}
 t - 2 scrolls of amnesia {unknown}
 v - a scroll of noise {unknown}
 x - a scroll of identify {unknown}
Potions
 d - a potion of mutation {unknown}
 e - 3 potions of curing {unknown}
 f - a potion of degeneration {unknown}
 s - a potion of resistance {unknown}
 z - a potion of haste {unknown}
Comestibles
 c - 3 bread rations
 l - 3 slices of pizza
 r - a meat ration


   Skills:
 + Level 4.2 Fighting
 + Level 6.4 Polearms
 + Level 1.8 Armour
 + Level 4.7 Dodging
 + Level 1.6 Stealth


You had 4 spell levels left.
You didn't know any spells.

Dungeon Overview and Level Annotations

Branches:
Dungeon (3/15)

Altars:
Cheibriados
Ru
Sif Muna

Annotations:
D:3 Grinder


Message History

Keep eating? [Y]es or [N]o only, please.
Keep eating? [Y]es or [N]o only, please.
Keep eating?
You stop eating.
Grinder gestures at you.
You suddenly lose the ability to move!
Grinder hits you!
* * * LOW HITPOINT WARNING * * *
You writhe in agony.
* * * LOW HITPOINT WARNING * * *
Grinder gestures at you. Pain shoots through your body!
* * * LOW HITPOINT WARNING * * *
You can move again.
Your skin crawls.
You feel resistant to hostile enchantments.
You feel somewhat more hungry. Grinder hits you.
You die...

## .... ### #.. ...
...###.## ##.. .....
........# #.. #.....
........######.# #...... ..
...........##.# .......
....###.......#).# .......
.... ##........)### ..(....
....##.....#...5@.##.......
.......))..#####.........$.
###.....### ######......
##......## ..... .........#
.... .###.#...##### ...
#<###.....### .. #.#
#[###.[.## . #.#
#..####..##


You could see Grinder.

Vanquished Creatures
  2 orc wizards (D:3)
  2 orc priests (D:3)
  3 adders (D:2)
  2 worms
  A dart slug (D:1)
  2 leopard geckos (D:2)
  4 orcs
  5 bats
  3 goblins
  8 hobgoblins
  9 jackals
  6 kobolds
  3 frilled lizards
  3 rats (D:1)
53 creatures vanquished.

Notes
Turn   | Place    | Note
-------+----------+-------------------------------------------
     0 | D:1      | Leibowitz the Merfolk Berserker began the quest for the Orb.
     0 | D:1      | Reached XP level 1. HP: 18/18 MP: 1/1
   258 | D:1      | Reached XP level 2. HP: 15/24 MP: 2/2
   780 | D:1      | Reached skill level 5 in Polearms
   795 | D:1      | Reached XP level 3. HP: 29/30 MP: 3/3
   998 | D:1      | Reached ** piety under Trog
  1260 | D:2      | Found a sacrificial altar of Ru.
  1261 | D:2      | Found a snail-covered altar of Cheibriados.
  1263 | D:2      | Found a deep blue altar of Sif Muna.
  1504 | D:2      | Reached skill level 1 in Stealth
  1507 | D:2      | Reached XP level 4. HP: 20/37 MP: 4/4
  2471 | D:3      | Noticed Grinder
  2587 | D:2      | Reached XP level 5. HP: 21/42 MP: 5/5
  2742 | D:3      | Reached skill level 6 in Polearms
  2954 | D:3      | Paralysed by Grinder for 5 turns
  2958 | D:3      | HP: 1/42 [Grinder/nerve-wracking pain (5)]
  2959 | D:3      | Slain by Grinder

Vault maps used:
D:1:      minmay_arrival_wavy_path
D:2:      gammafunk_temple_overflow_forgotten
D:3:      makhleb_heckhound_becter, uniq_grinder

Skill      XL: |  1  2  3  4  5 |
---------------+----------------+-----
Dodging        | 3 4 |  4.7
Polearms       | 5 6 |  6.4
Stealth        | 1 |  1.6
Fighting       | 4 |  4.2
Armour         | |  1.8

Action                   |  1- 3 |  4- 6 || total
-------------------------+-------+-------++-------
Melee: Spear             |   128 |   128 ||   256
Invok: Berserk           |       |     1 ||     1
       Trog's Hand       |       |     1 ||     1
 Stab: Sleeping          |     2 |       ||     2
  Eat: Chunk             |     2 |     4 ||     6
Armor: Animal skin       |    14 |       ||    14
       Ring mail         |       |    21 ||    21
Dodge: Dodged            |    77 |    59 ||   136
